 Dungeon Crawl Stone Soup version 0.25.1-2-g60ff931df9 (webtiles) character file.

Game seed: 14479220173138988835

218 Gabide the Archer (level 5, -1/42 HPs)
             Began as a Centaur Hunter on Sept 11, 2020.
             Was a Plaything of Xom.
             Succumbed to a water moccasin's poison
             ... on level 3 of the Dungeon.
             The game lasted 00:05:51 (2435 turns).

Gabide the Archer (Centaur Hunter)                  Turns: 2435, Time: 00:05:52

Health: -1/42      AC:  5    Str: 15    XL:     5   Next: 63%
Magic:  5/5        EV:  8    Int: 10    God:    Xom [....*.]
Gold:   165        SH:  0    Dex: 10    Spells: 4/4 levels left

rFire    . . .     SeeInvis .   m - +2 rapier (freeze)
rCold    . . .     Gourm    .   (no shield)
rNeg     . . .     Faith    .   l - +0 ring mail
rPois    .         Spirit   .   (no helmet)
rElec    .         Reflect  .   (no cloak)
rCorr    .         Harm     .   (no gloves)
MR       .....                  (no barding)
Stlth    ..........             (no amulet)
HPRegen  0.14/turn              (no ring)
MPRegen  0.09/turn              (no ring)

@: lethally poisoned (-1 -> -21), very quick
A: large, hooves 3, deformed body, speed 2, tough skin 3
a: Renounce Religion


You were on level 3 of the Dungeon.
You worshipped Xom.
You were a beloved toy of Xom.
You were not hungry.

You visited 1 branch of the dungeon, and saw 3 of its levels.

You collected 165 gold pieces.

Inventory:

Hand Weapons
 a - a +1 shortbow
 m - a +2 rapier of freezing (weapon)
Missiles
 d - 3 arrows
Armour
 c - a +0 leather armour
 l - a +0 ring mail (worn)
Scrolls
 e - 3 scrolls of remove curse
 h - 2 scrolls of identify
Potions
 g - a potion of heal wounds {unknown}
 i - a potion of invisibility
 j - a potion of degeneration {unknown}
Comestibles
 b - 6 chunks of flesh
 f - 2 rations


   Skills:
 + Level 2.4 Fighting
 * Level 1.7 Short Blades
 * Level 8.1 Bows
 + Level 0.6 Armour
 + Level 1.6 Dodging
 + Level 0.5 Stealth


You had 4 spell levels left.
You didn't know any spells.
Your spell library was empty.

Dungeon Overview and Level Annotations

Branches:
Dungeon (3/15)

Altars:
Fedhas
Xom
Yredelemnul


Innate Abilities, Weirdness & Mutations

You have hooves in place of feet.
Armour fits poorly on your strangely shaped body.
You cover ground very quickly.
You have extremely tough skin. (AC +3)


Message History

You miss the water moccasin.
The water moccasin is almost dead.
You feel sick.
The water moccasin bites you but does no damage.
You closely miss the water moccasin.
The water moccasin is almost dead.
You feel sick. The water moccasin bites you!
* * * LOW HITPOINT WARNING * * *
You barely miss the water moccasin. Your kick misses the water moccasin.
The water moccasin is almost dead.
* * * LOW HITPOINT WARNING * * *
You feel sick. The water moccasin bites you.
* * * LOW HITPOINT WARNING * * *
You hit the water moccasin. You freeze the water moccasin.
You kill the water moccasin!
Your Short Blades skill increases to level 1!
Your Bows skill increases to level 8!
You have reached level 5!
You die...
Xom giggles madly!

#...(..# ..
####?.....# ...
.........#....
#.......#....
............
#..(.......
#.......... #
#..@.......
#.#..........
####......######
.........##
#........#######
#....###.......#
#....
#######.### #...
#........####
#..
#......#....#


There were no monsters in sight!

Vanquished Creatures
  A water moccasin (D:3)
  3 adders (D:2)
  2 oozes (D:1)
  2 worms (D:2)
  A dart slug (D:1)
  2 leopard geckos (D:2)
  An orc (D:2)
  A ball python (D:1)
  6 bats
  3 giant cockroaches
  8 goblins
  9 hobgoblins
  4 jackals (D:2)
  A quokka (D:2)
  4 frilled lizards
  8 kobolds
  9 rats
65 creatures vanquished.

Notes
Turn   | Place    | Note
-------+----------+-------------------------------------------
     0 | D:1      | Gabide the Centaur Hunter began the quest for the Orb.
     0 | D:1      | Reached XP level 1. HP: 17/17 MP: 1/1
   162 | D:1      | Reached skill level 6 in Bows
   162 | D:1      | Reached XP level 2. HP: 24/24 MP: 2/2
   565 | D:1      | Reached XP level 3. HP: 29/29 MP: 3/3
   644 | D:1      | Found a shimmering altar of Xom.
   660 | D:1      | Became a worshipper of Xom of Chaos
   663 | D:1      | XOM: silly message
   924 | D:2      | Reached skill level 7 in Bows
  1080 | D:2      | XOM: silly message
  1297 | D:2      | Reached XP level 4. HP: 36/36 MP: 4/4
  1352 | D:2      | XOM: smoke on damage
  1353 | D:2      | Found a blossoming altar of Fedhas.
  1487 | D:2      | Found a basalt altar of Yredelemnul.
  1653 | D:2      | XOM: silly message
  1685 | D:2      | XOM: silly message
  2141 | D:3      | Found a faded altar of an unknown god.
  2418 | D:3      | Noticed a water moccasin
  2434 | D:3      | HP: 1/36 [water moccasin (2)]
  2435 | D:3      | Killed a water moccasin
  2435 | D:3      | Reached skill level 1 in Short Blades
  2435 | D:3      | Reached skill level 8 in Bows
  2435 | D:3      | Reached XP level 5. HP: 1/42 MP: 5/5
  2435 | D:3      | Succumbed to a water moccasin's poison

Illustrated notes

Levels and vault maps discovered:
D:1:      erik_arrival_blinker_ship, layout_basic, xom_teletrap_fun
D:2:      layout_loops_ring, fedhas_altar_1, lemuel_tele_altar
D:3:      layout_basic, chequers_temple_overflow_statue_of_worship,
          first_ration, chequers_ecumenical_altar_simple

Skill      XL: |  1  2  3  4 |
---------------+-------------+-----
Bows           | 6 7 8 |  8.1
Short Blades   | 1 |  1.7
Fighting       | |  2.4
Armour         | |  0.6
Dodging        | |  1.6
Stealth        | |  0.5

Action                   |  1- 3 |  4- 6 || total
-------------------------+-------+-------++-------
Melee: Short sword       |    33 |    22 ||    55
       Kick              |     5 |     4 ||     9
       Rapier            |       |    34 ||    34
 Fire: Shortbow          |   109 |    22 ||   131
  Use: Potion            |     2 |       ||     2
       Scroll            |       |     4 ||     4
  Eat: Chunk             |       |     3 ||     3
Armor: Leather armour    |    19 |    11 ||    30
       Ring mail         |       |    14 ||    14
Dodge: Dodged            |    27 |    23 ||    50
